 Dungeon Crawl Stone Soup version 0.27.1-34-g3ba077fa99 (webtiles) character file.

Game seed: 2462523579382872837

21 multipassport the Ruffian (level 2, -1/25 HPs)
             Began as a Palentonga Monk on Jan 16, 2022.
             Was a Believer of Fedhas.
             Slain by an adder (2 damage)
             ... on level 2 of the Dungeon.
             The game lasted 00:05:04 (748 turns).

multipassport the Ruffian (Palentonga Monk)          Turns: 748, Time: 00:05:04

Health: -1/25      AC:  5    Str: 14    XL:     2   Next: 65%
Magic:  2/2        EV: 10    Int: 10    God:    Fedhas [**....]
Gold:   13         SH:  0    Dex: 12    Spells: 1/1 levels left

rFire    . . .     SeeInvis +     - Unarmed
rCold    . . .     Faith    .   (no shield)
rNeg     . . .     Spirit   .   a - +0 robe
rPois    .         Reflect  .   (helmet restricted)
rElec    .         Harm     .   d - +0 cloak
rCorr    .         Rampage  .   (no gloves)
Will     .....                  (no barding)
Stlth    ++........             (no amulet)
HPRegen  0.08/turn              (no ring)
MPRegen  0.08/turn              (no ring)

@: no status effects
A: large, rugged brown scales 3, see invisible, deformed body, roll 1, armoured
tail, antennae 1
a: Rolling Charge, Renounce Religion, Wall of Briars


You were on level 2 of the Dungeon.
You worshipped Fedhas.
Fedhas was pleased with you.
You visited 1 branch of the dungeon, and saw 2 of its levels.

You collected 13 gold pieces.

Inventory:

Missiles
 c - a throwing net
Armour
 a - a +0 robe (worn)
 d - a +0 cloak (worn)
Scrolls
 b - a scroll of teleportation {unknown}
 e - a scroll of identify {unknown}


   Skills:
 + Level 3.2 Fighting
 + Level 2.6 Dodging
 + Level 1.5 Stealth
 + Level 3.2 Unarmed Combat
 + Level 0.1 Invocations


You had one spell level left.
You didn't know any spells.
Your spell library was empty.

Dungeon Overview and Level Annotations

Branches:
Dungeon (2/15)

Altars:
Fedhas


Innate Abilities, Weirdness & Mutations

You are completely covered in rugged brown scales. (AC +3, +7% HP)
You have supernaturally acute eyesight. (SInv)
Armour fits poorly on your strangely shaped body.
You can roll at nearby foes to attack.
You have a long armoured tail.
You have a pair of small antennae on your head.


Message History

There is a stone staircase leading up here.
You feel sick. The adder bites you but does no damage.
The ball python bites you.
* * * LOW HITPOINT WARNING * * *
The adder bites you.
* * * LOW HITPOINT WARNING * * *
You feel sick.
The ball python bites you but does no damage.
You feel sick.
It was a potion of mutation.
You feel extremely strange. A pair of antennae grows on your head!
You feel sick.
You are no longer poisoned.
The adder misses you. The adder barely misses you. The adder barely misses you.
The adder closely misses you.
A hobgoblin comes into view.
Roll where?
Press: ? - help, Q - select action, (/) - cycle Dir - move target, f - hobgoblin, p - adder
Aim: a hobgoblin (asleep)
You roll forward with a clatter of scales!
The hobgoblin shouts!
You closely miss the hobgoblin.
Your tail-slap misses the hobgoblin.
The hobgoblin barely misses you.
You barely miss the hobgoblin.
The hobgoblin hits you but does no damage.
You closely miss the hobgoblin. You tail-slap the hobgoblin.
The hobgoblin is moderately wounded.
The hobgoblin closely misses you. The adder bites you but does no damage.
You barely miss the hobgoblin.
The hobgoblin is moderately wounded.
The hobgoblin hits you.
* * * LOW HITPOINT WARNING * * *
The adder bites you but does no damage.
You hit the hobgoblin.
You kill the hobgoblin!
Fedhas appreciates your contribution to the ecosystem.
The adder bites you.
You die...
Fedhas appreciates your contribution to the ecosystem.

#.#
#.#
#.#
#.#
#.#
#.#
#.#
#@#
#S#
#S###
#.S.#
###.#{
#S#
#S#
#.#
#.#


You could see 2 adders and a ball python.

Vanquished Creatures
  3 ball pythons (D:1)
  2 endoplasms (D:1)
  A giant cockroach (D:1)
  2 hobgoblins
  4 jackals (D:1)
  2 kobolds (D:1)
  A quokka (D:1)
  3 frilled lizards (D:1)
  A rat (D:1)
19 creatures vanquished.

Vanquished Creatures (others)
  A demonic plant (D:1)
  4 toadstools (D:1)
5 creatures vanquished.

Grand Total: 24 creatures vanquished

Notes
Turn   | Place    | Note
-------+----------+-------------------------------------------
     0 | D:1      | multipassport the Palentonga Monk began the quest for the
                  | Orb.
     0 | D:1      | Reached XP level 1. HP: 19/19 MP: 1/1
   163 | D:1      | Reached XP level 2. HP: 25/25 MP: 2/2
   357 | D:1      | Found a faded altar of an unknown god.
   357 | D:1      | Noticed a Hell Sentinel
   365 | D:1      | Became a worshipper of Fedhas Madash
   365 | D:1      | Reached * piety under Fedhas
   365 | D:1      | Reached ** piety under Fedhas
   735 | D:2      | Gained mutation: You have a pair of small antennae on your
                  | head. [potion of mutation]
   747 | D:2      | HP: 1/25 [hobgoblin (2)]
   748 | D:2      | Slain by an adder

Illustrated notes

Levels and vault maps discovered:
D:1:      ldierk_walled_garden_2, layout_loops_ring,
          dreamdust_ecumenical_altar_sealed_demon, minmay_pentomino_o2
D:2:      layout_loops_ring, basic_altar

Action                   || total
-------------------------++-------
Melee: Unarmed           ||    68
       Tailslap          ||     5
 Abil: Rolling Charge    ||    16
  Use: Potion            ||     1
Armor: Robe              ||    23
Dodge: Dodged            ||    43
